 Dungeon Crawl Stone Soup version 0.30-a0-808-g6e0788376e (webtiles) character file.

Game seed: 13640784121478858760

4048 jasper the Cleaver (level 10, -7/73 HPs)
             Began as a Demonspawn Wanderer on Feb 25, 2023.
             Was a Believer of Nemelex Xobeh.
             Mangled by a komodo dragon (11 damage)
             ... on level 8 of the Dungeon.
             The game lasted 00:17:17 (8679 turns).

jasper the Cleaver (Demonspawn Wanderer)            Turns: 8679, Time: 00:17:18

Health: -7/73      AC: 15    Str: 20    XL:     10   Next: 4%
Magic:  13/13      EV:  7    Int: 11    God:    Nemelex Xobeh [**....]
Gold:   342        SH:  0    Dex: 18    Spells: 10/11 levels left

rFire   . . .      SeeInvis +    L - +1 war axe (freeze)
rCold   . . .      Faith    .    p - orb {*Rage}
rNeg    . . .      Spirit   .    J - +0 chain mail
rPois   .          Reflect  .    (no helmet)
rElec   .          Harm     .    v - +0 cloak
rCorr   .          Rampage  .    F - +0 pair of gloves
Will    .....      Rage     20%  f - +1 pair of boots Stlth
                                 l - amulet of the acrobat
HPRegen 0.32/turn                u - ring of see invisible
MPRegen 0.13/turn                n - +6 ring of strength

@: no status effects
A: slimy green scales 1, foul stench 2, demonic magic 1, demonic touch 1
a: Renounce Religion, Draw Escape, Draw Destruction, Draw Summoning


You were on level 8 of the Dungeon.
You worshipped Nemelex Xobeh.
Nemelex Xobeh was pleased with you.
You visited 1 branch of the dungeon, and saw 8 of its levels.

You collected 342 gold pieces.

Inventory:

Hand Weapons
 a - a +0 spear
 o - a +0 war axe
 w - a +0 hammer
 D - a +0 trident of venom
 L - a +1 war axe of freezing (weapon)
Missiles
 j - 41 stones
 G - 5 boomerangs (quivered)
 K - 6 poisoned darts
 Q - 2 curare-tipped darts
Armour
 d - a +0 robe
 f - a +1 pair of boots (worn)
 g - a +0 leather armour
 k - a +0 ring mail
 p - an orb of wrath (worn)
 v - a +0 cloak (worn)
 F - a +0 pair of gloves (worn)
 J - a +0 chain mail (worn)
 M - an orb of energy
Jewellery
 l - an amulet of the acrobat (around neck)
 n - a +6 ring of strength (right hand)
 u - a ring of see invisible (left hand)
 y - a ring of magical power
 O - an amulet of faith
Wands
 B - a wand of roots (13)
 I - a wand of digging (5)
 N - a wand of paralysis (9)
 P - a wand of flame (19)
Scrolls
 m - a scroll of amnesia
 q - 2 scrolls of magic mapping
 t - a scroll of torment
 A - a scroll of blinking
 C - 3 scrolls of teleportation
 H - 2 scrolls of fear
Potions
 c - 4 potions of heal wounds
 e - 2 potions of attraction
 h - 5 potions of curing
 i - 4 potions of ambrosia
 r - 5 potions of degeneration
 s - 2 potions of brilliance
 x - 2 potions of magic
 z - 3 potions of haste {unknown}
 E - a potion of cancellation {unknown}


   Skills:
 + Level 4.4 Fighting
 * Level 11.8 Axes
 - Level 1.0(7.5) Polearms
 + Level 2.7 Armour
 - Level 1.0 Stealth
 - Level 1.2 Spellcasting
 - Level 0.6 Conjurations
 - Level 2.8 Air Magic
 + Level 4.4 Invocations
 - Level 1.0 Evocations


You had 10 spell levels left.
You knew the following spells:

 Your Spells              Type           Power      Damage    Failure   Level
a - Shock                 Conj/Air       16%        1d4       85%         1

Your spell library contained the following spells:

 Spells                   Type           Power      Damage    Failure   Level
 Static Discharge         Conj/Air       8%         2-3/arc   94%         2
 Slow                     Hex            0%         N/A       98%         1
 Confusing Touch          Hex            0%         N/A       100%        3
 Vampiric Draining        Necr           0%         2d6       100%        3
 Airstrike                Air            3%         2d(1-17)  100%        4
 Cause Fear               Hex            0%         N/A       100%        4
 Leda's Liquefaction      Hex/Erth       0%         N/A       100%        4
 Summon Ice Beast         Ice/Summ       0%         N/A       100%        4
 Dragon Form              Tmut           0%         N/A       100%        7
 Summon Hydra             Summ           0%         N/A       100%        7
 Dragon's Call            Summ           0%         N/A       100%        9


Dungeon Overview and Level Annotations

Branches:
Dungeon (8/15)             Temple (0/1) D:6
   Lair: D:8-11

Altars:
Fedhas
Nemelex Xobeh

Shops:
D:2 (   D:4 :   D:6 (


Innate Abilities, Weirdness & Mutations

You are partially covered in slimy green scales. (AC +2)
You sometimes emit foul miasma when damaged in melee.
Spells you cast may paralyse adjacent enemies.
Your touch may inflict minor irresistible damage on your foes.


Message History

You take 5 damage, and have 49/73 hp.
You slash the steam dragon! You freeze the steam dragon.
You kill the steam dragon!
You barely miss the wyvern.
You are engulfed in a cloud of scalding steam.
The wyvern bites you but does no damage.
You barely miss the komodo dragon. You closely miss the wyvern.
You are engulfed in a cloud of scalding steam.
A basilisk comes into view.
The wyvern barely misses you. The komodo dragon bites you!
You take 15 damage, and have 34/73 hp.
MASSIVE DAMAGE!!
You barely miss the komodo dragon. You hit the wyvern. You freeze the wyvern.
You are engulfed in a cloud of scalding steam.
The wyvern bites you!
You emit a cloud of foul miasma!
The komodo dragon bites you.
* * * LOW HITPOINT WARNING * * *
You take 14 damage, and have 20/73 hp.
You draw a card...
You have drawn the Dance.
You are engulfed in a cloud of scalding steam.
* * * LOW HITPOINT WARNING * * *
The wyvern is engulfed in dark miasma.
The wyvern is poisoned.
The wyvern bites you but does no damage.
The basilisk gazes at you. You resist with some effort.
The komodo dragon completely misses you.
The wyvern is engulfed in dark miasma.
The wyvern looks even sicker.
The wyvern closely misses you.
You take 1 damage, and have 19/73 hp.
You hit the komodo dragon.
The komodo dragon seems to slow down.
You freeze the komodo dragon.
The komodo dragon is lightly wounded.
You barely miss the wyvern.
You are engulfed in a cloud of scalding steam.
* * * LOW HITPOINT WARNING * * *
The wyvern is engulfed in dark miasma.
The wyvern looks even sicker.
The wyvern bites you!
* * * LOW HITPOINT WARNING * * *
The komodo dragon bites you!
You die...
Your body disappears without a glow.

# .### ### #####...#
..##.....#...
#l.#.(...... ######
######....l......
.##..###........@l.#
....###..........###
#.........###.#.##
#.########.#..###
### ######


You could see a komodo dragon (slow), a basilisk, a wyvern (very poisoned, ally
target) and a friendly -1 hand axe of venom (summoned).

Vanquished Creatures
  A rime drake (D:5)
  A hornet (D:7)
  Grinder (D:6)
  Sigmund (D:4)
  A wyvern (D:6)
  A basilisk (D:8)
  Eustachio (D:6)
  A steam dragon (D:8)
  Menkaure (D:4)
  A water moccasin (D:8)
  2 ice beasts
  An orc warrior (D:6)
  3 black bears
  A centaur (D:6)
  A lemure (D:6)
  A phantom (D:5)
  2 kobold brigands
  Blork the orc (D:6)
  3 bullfrogs
  A necrophage (D:7)
  4 scorpions
  5 wights (D:8)
  3 hounds
  3 jellies
  Crazy Yiuf (D:3)
  3 orc priests
  Ijyb (D:5)
  An iguana (D:7)
  5 orc wizards
  18 gnolls
  3 adders
  4 river rats (D:5)
  A shadow imp (D:7)
  4 white imps
  3 worms
  4 dart slugs
  16 orcs
  2 giant cockroaches
  11 hobgoblins
  3 jackals (D:2)
  6 quokkas
  5 ball pythons
  4 bats
  A frilled lizard (D:2)
  3 goblins
  10 kobolds
  4 rats
154 creatures vanquished.

Vanquished Creatures (others)
  7 plants (D:5)
7 creatures vanquished.

Grand Total: 161 creatures vanquished

Notes
Turn   | Place    | Note
-------+----------+-------------------------------------------
     0 | D:1      | jasper the Demonspawn Wanderer began the quest for the Orb.
     0 | D:1      | jasper set off with the following items: a +0 spear, a wand
                  | of polymorph (4), a potion of heal wounds, a +0 robe; and
                  | the following spell memorised: Shock; and the following
                  | spells available to memorise: Static Discharge, Airstrike.
     0 | D:1      | Reached XP level 1. HP: 16/16 MP: 2/2
   255 | D:1      | Gained mutation: You may rarely emit foul miasma when
                  | damaged in melee. [demonic ancestry]
   255 | D:1      | Reached XP level 2. HP: 22/22 MP: 0/3
  1353 | D:2      | Found Foufes's Weapon Boutique.
  1385 | D:2      | Got the Compendium of Coarse Calling
  1549 | D:2      | Reached XP level 3. HP: 29/29 MP: 4/4
  1957 | D:2      | Reached skill level 1 in Axes
  2462 | D:3      | Found a runed translucent door.
  2463 | D:3      | Noticed Crazy Yiuf
  2493 | D:3      | Reached skill level 2 in Axes
  2493 | D:3      | Gained mutation: You are partially covered in slimy green
                  | scales. (AC +2) [demonic ancestry]
  2493 | D:3      | Reached XP level 4. HP: 35/35 MP: 5/5
  3163 | D:3      | Killed Crazy Yiuf
  3164 | D:3      | Reached skill level 3 in Axes
  3256 | D:4      | Noticed Sigmund
  3284 | D:4      | Killed Sigmund
  3285 | D:4      | Reached skill level 4 in Axes
  3285 | D:4      | Gained mutation: Spells you cast may paralyse adjacent
                  | enemies. [demonic ancestry]
  3285 | D:4      | Reached XP level 5. HP: 36/41 MP: 6/6
  3285 | D:4      | Reached XP level 6. HP: 41/47 MP: 7/7
  3377 | D:4      | Noticed Menkaure
  3386 | D:4      | Killed Menkaure
  3387 | D:4      | Reached skill level 5 in Axes
  3462 | D:4      | Found Omoid's Vocational Training.
  4188 | D:5      | Entered Level 5 of the Dungeon
  4207 | D:5      | Reached skill level 6 in Axes
  4207 | D:5      | Gained mutation: You sometimes emit foul miasma when
                  | damaged in melee. [demonic ancestry]
  4207 | D:5      | Reached XP level 7. HP: 52/52 MP: 8/8
  4309 | D:5      | Found a sparkling altar of Nemelex Xobeh.
  4315 | D:5      | Became a worshipper of Nemelex Xobeh the Trickster
  4668 | D:5      | Noticed Ijyb
  4672 | D:5      | Paralysed by Ijyb for 3 turns
  4677 | D:5      | Paralysed by Ijyb for 4 turns
  4687 | D:5      | Killed Ijyb
  5125 | D:5      | Reached skill level 7 in Axes
  5260 | D:5      | Noticed Edmund
  5270 | D:5      | Edmund changed into Edmund the rime drake
  5270 | D:5      | Noticed Edmund
  5278 | D:5      | Killed Edmund the rime drake
  5279 | D:5      | Reached skill level 8 in Axes
  5279 | D:5      | Reached XP level 8. HP: 47/58 MP: 9/9
  5542 | D:5      | Reached * piety under Nemelex Xobeh
  5830 | D:6      | Found Poosuant's Weapon Boutique.
  6104 | D:6      | Found a staircase to the Ecumenical Temple.
  6107 | D:6      | Reached skill level 9 in Axes
  6429 | D:6      | Noticed Blork the orc
  6432 | D:6      | Noticed Eustachio
  6436 | D:6      | Killed Blork the orc
  6443 | D:6      | Killed Eustachio
  6443 | D:6      | Noticed Pikel
  6510 | D:6      | Pikel changed into Pikel the wyvern
  6510 | D:6      | Noticed Pikel
  6515 | D:6      | Killed Pikel the wyvern
  6516 | D:6      | Reached skill level 10 in Axes
  6726 | D:6      | Gained mutation: Your touch may inflict minor irresistible
                  | damage on your foes. [demonic ancestry]
  6726 | D:6      | Reached XP level 9. HP: 63/63 MP: 10/10
  7056 | D:6      | Noticed Grinder
  7066 | D:6      | Paralysed by Grinder for 5 turns
  7076 | D:6      | Killed Grinder
  7077 | D:6      | Reached skill level 11 in Axes
  7413 | D:7      | Reached skill level 1 in Armour
  7518 | D:7      | Received a gift from Nemelex Xobeh
  7733 | D:7      | Found a blossoming altar of Fedhas.
  8310 | D:8      | Reached ** piety under Nemelex Xobeh
  8605 | D:8      | Reached XP level 10. HP: 73/73 MP: 13/13
  8679 | D:8      | Mangled by a komodo dragon

Illustrated notes

Levels and vault maps discovered:
D:1:      saegor_arrival_simple_c, layout_basic, minmay_tromino_i2
D:2:      layout_loops_cross, serial_aquarium, aquarium_bridge_square
          [aquarium_subvault_balcony, aquarium_subvault_bridge,
          aquarium_subvault_bridge, aquarium_subvault_window],
          aquarium_bridge_square [aquarium_subvault_bridge,
          aquarium_subvault_window, aquarium_subvault_bridge,
          aquarium_subvault_bridge], aquarium_window_corridor_2,
          aquarium_window_1, aquarium_window_2, aquarium_window_1,
          aquarium_view_4, aquarium_balcony_3b, aquarium_pool_side,
          serial_shops, nicolae_shop_bloodbath_and_beyond
D:3:      layout_loops_ring, corexii_hall_statues_x, grunt_ministairs_14,
          uniq_crazy_yiuf_cottage
D:4:      layout_gridville, nicolae_shop_vocational, uniq_menkaure, uniq_sigmund
D:5:      wad_woods_tower, layout_loops_corners,
          mainiacjoe_overflow_six_doors_small, uniq_ijyb, uniq_edmund
D:6:      layout_basic, minmay_temple_entry_tees, serial_shops, shop,
          uniq_eustachio, uniq_blork_the_orc, uniq_grinder, uniq_pikel
D:7:      layout_basic, fedhas_altar_2, minivault_1, sigmund_army
D:8:      layout_rooms, mainiacjoe_overflow_divided_tiny, erik_lair_dragon,
          hangedman_decor_growths, uniq_amaemon, uniq_prince_ribbit1

Skill      XL: |  1  2  3  4  5  6  7  8  9 |
---------------+----------------------------+-----
Fighting       | 3 4 |  4.4
Axes           | 2 4 6 8 10 11 | 11.8
Invocations    | 4 |  4.4
Armour         | 2 |  2.7
Polearms       | |  1.0
Stealth        | |  1.0
Spellcasting   | |  1.2
Conjurations   | |  0.6
Air Magic      | |  2.8
Evocations     | |  1.0

Action                     |  1- 3 |  4- 6 |  7- 9 | 10-12 || total
---------------------------+-------+-------+-------+-------++-------
  Melee: Spear             |    64 |       |       |       ||    64
         War axe           |    45 |    53 |   310 |    12 ||   420
         Punch             |     1 |       |       |       ||     1
  Throw: Dart              |     5 |     8 |     6 |       ||    19
         Stone             |     4 |       |    15 |       ||    19
         Boomerang         |       |       |    29 |       ||    29
   Cast: Shock             |    32 |       |       |       ||    32
 Invoke: Draw Summoning    |       |       |       |     1 ||     1
  Evoke: Wand              |       |       |     7 |       ||     7
    Use: Scroll            |     7 |     4 |     4 |       ||    15
 Armour: Robe              |     6 |       |       |       ||     6
         Ring mail         |    30 |    17 |    31 |       ||    78
         Leather armour    |     2 |       |       |       ||     2
         Chain mail        |       |       |   104 |    12 ||   116
  Dodge: Dodged            |    69 |    30 |   159 |    11 ||   269

Table legend: (Time is in decaauts)
 A = Elapsed time spent in this place.
 B = Non-inter-level travel time spent in this place.
 C = Inter-level travel time spent in this place.
 D = Time resting spent in this place.
 E = Time spent auto-exploring this place.
 F = Levels seen in this place.
 G = Mean time per level.
                   A        B        C        D        E       F      G
               +--------+--------+--------+--------+--------+-----+--------+
         Total |   9144 |   8920 |    224 |   2318 |   5008 |   8 | 1143.0 |
       Dungeon |   9144 |   8920 |    224 |   2318 |   5008 |   8 | 1143.0 |
               +--------+--------+--------+--------+--------+-----+--------+

Top non-repeatable levels by time:
     D:5: 1785 daAuts
     D:6: 1601 daAuts
     D:1: 1238 daAuts
     D:3: 1199 daAuts
     D:7: 1043 daAuts
     D:2: 976 daAuts
     D:4: 889 daAuts
     D:8: 410 daAuts
